SAAA
TREMONT DOUBLEDAYS @ PHOENIX HOTSPUR RESERVES
09/04/2020
 
TOP OF THE 1ST
Tremont Doubledays batting - Pitching for Phoenix Hotspur Reserves : RHP Cory Sanders
Pitching: RHP Cory Sanders
Batting: LHB Scott Britt 0-0: Foul Ball, location: 2F
0-1: Ball
1-1: Ball
2-1: SOLO HOME RUN (Line Drive, 7D), Distance : 400 ft
Batting: RHB Jim Unknown 0-0: Called Strike
0-1: Fly out, F9 (Flyball, 89D)
Batting: RHB Kazunori Ito 0-0: Ball
1-0: Hit by Pitch
Pinch Runner at 1st Jim Unknown:
Batting: LHB Emílio Barbán 0-0: Called Strike
0-1: Ball
1-1: Called Strike
1-2: Ball
2-2: Strikes out looking
Batting: LHB Félix López 0-0: Swinging Strike
0-1: Ball
1-1: Foul Ball, location: 2F
1-2: Strikes out swinging
Top of the 1st over - 1 run(s), 1 hit(s), 0 error(s), 1 left on base; Tremont 1 - Phoenix 0
BOTTOM OF THE 1ST
Phoenix Hotspur Reserves batting - Pitching for Tremont Doubledays : RHP Jim Unknown
Pitching: RHP Jim Unknown
Batting: SHB Roberto López 0-0: Swinging Strike
0-1: Ball
1-1: Foul Ball, location: 2F
1-2: Ball
2-2: Foul Ball, location: 2F
2-2: Ball
3-2: Ground out 5-3 (Groundball, 15S)
Batting: LHB Alberto Torres 0-0: Called Strike
0-1: Fly out, F5 (Popup, 15)
Batting: RHB Paul Campbell 0-0: Swinging Strike
0-1: SINGLE (Line Drive, 6MD)
Batting: LHB Dave Wynn 0-0: Called Strike
0-1: Fly out, F8 (Flyball, 8RXD)
Bottom of the 1st over - 0 run(s), 1 hit(s), 0 error(s), 1 left on base; Tremont 1 - Phoenix 0
TOP OF THE 2ND
Tremont Doubledays batting - Pitching for Phoenix Hotspur Reserves : RHP Cory Sanders
Batting: LHB Jim Unknown 0-0: Ball
1-0: SINGLE (Line Drive, 7LS)
Batting: RHB Jim Unknown 0-0: Called Strike
Jim Unknown steals 2nd base
0-1: Foul Ball, location: 2F
0-2: Ball
1-2: Ball
2-2: Ball
3-2: Fly out, F7 (Flyball, 7S)
Batting: SHB Jim Unknown 0-0: Ground out U3 (Groundball, 3L)
Jim Unknown to third
Batting: RHB Jim Unknown 0-0: Ball
1-0: Ball
2-0: Swinging Strike
2-1: Swinging Strike
2-2: Strikes out swinging
Top of the 2nd over - 0 run(s), 1 hit(s), 0 error(s), 1 left on base; Tremont 1 - Phoenix 0
BOTTOM OF THE 2ND
Phoenix Hotspur Reserves batting - Pitching for Tremont Doubledays : RHP Jim Unknown
Batting: RHB José Bocanegra 0-0: Called Strike
0-1: Ground out 6-3 (Groundball, 6S)
Batting: LHB Edgardo Téllez 0-0: Foul Ball, location: 2F
0-1: Ground out 6-3 (Groundball, 6M)
Batting: RHB Greg Griffin 0-0: Called Strike
0-1: Ball
1-1: Ball
2-1: Ball
3-1: Called Strike
3-2: DOUBLE (Flyball, 89XD)
Batting: RHB Jaime Chavarriaga 0-0: Ball
1-0: Called Strike
1-1: Ball
2-1: Ball
3-1: SINGLE (Groundball, 34D)
Greg Griffin to third
Runner from 3rd tries for Home, SAFE, no throw or cutoff
Batting: SHB John Jenkins 0-0: Ball
1-0: Fielders Choice at 2nd, U6 (Groundball, 6M)
Bottom of the 2nd over - 1 run(s), 2 hit(s), 0 error(s), 1 left on base; Tremont 1 - Phoenix 1
TOP OF THE 3RD
Tremont Doubledays batting - Pitching for Phoenix Hotspur Reserves : RHP Cory Sanders
Batting: LHB Scott Britt 0-0: Called Strike
0-1: Ball
1-1: Ball
2-1: Ball
3-1: Foul Ball, location: 2F
3-2: Ground out 4-3 (Groundball, 4)
Batting: RHB Jim Unknown 0-0: Called Strike
0-1: Foul Ball, location: 2F
0-2: Ball
1-2: Strikes out swinging
Batting: RHB Jim Unknown 0-0: Ball
1-0: Swinging Strike
1-1: SINGLE (Groundball, 56)
Batting: LHB Emílio Barbán 0-0: Called Strike
0-1: Ground out 3-1 (Groundball, 34)
Top of the 3rd over - 0 run(s), 1 hit(s), 0 error(s), 1 left on base; Tremont 1 - Phoenix 1
BOTTOM OF THE 3RD
Phoenix Hotspur Reserves batting - Pitching for Tremont Doubledays : RHP Jim Unknown
Batting: SHB Roberto López 0-0: Called Strike
0-1: Ball
1-1: Foul Ball, location: 2F
1-2: Ball
2-2: DOUBLE (Groundball, 5L)
Batting: LHB Alberto Torres 0-0: Called Strike
0-1: Ball
1-1: Ball
2-1: Ball
3-1: Base on Balls
Batting: RHB Paul Campbell 0-0: Foul Ball, location: 2F
0-1: Ball
1-1: Ball
2-1: Grounds into double play, 1-6-3 (Groundball, 15S)
Roberto López to third
Batting: LHB Dave Wynn 0-0: Called Strike
0-1: Called Strike
0-2: Ground out 1-3 (Groundball, 3S)
Bottom of the 3rd over - 0 run(s), 1 hit(s), 0 error(s), 1 left on base; Tremont 1 - Phoenix 1
TOP OF THE 4TH
Tremont Doubledays batting - Pitching for Phoenix Hotspur Reserves : RHP Cory Sanders
Batting: LHB Félix López 0-0: Ball
1-0: Ground out 4-3 (Groundball, 4M)
Batting: LHB Jim Unknown 0-0: Ball
1-0: Called Strike
1-1: Fly out, F7 (Flyball, 78M)
Batting: RHB Jim Unknown 0-0: Ball
1-0: Ball
2-0: Fly out, F7 (Line Drive, 78S)
Top of the 4th over - 0 run(s), 0 hit(s), 0 error(s), 0 left on base; Tremont 1 - Phoenix 1
BOTTOM OF THE 4TH
Phoenix Hotspur Reserves batting - Pitching for Tremont Doubledays : RHP Jim Unknown
Batting: RHB José Bocanegra 0-0: Swinging Strike
0-1: Foul Ball, location: 2F
0-2: Ball
1-2: Strikes out swinging
Batting: LHB Edgardo Téllez 0-0: Called Strike
0-1: Ground out U3 (Groundball, 3)
Batting: RHB Greg Griffin 0-0: Ball
1-0: DOUBLE (Groundball, 3L)
Batting: RHB Jaime Chavarriaga 0-0: Ball
1-0: Fly out, F3 (Popup, 3SF)
Bottom of the 4th over - 0 run(s), 1 hit(s), 0 error(s), 1 left on base; Tremont 1 - Phoenix 1
TOP OF THE 5TH
Tremont Doubledays batting - Pitching for Phoenix Hotspur Reserves : RHP Cory Sanders
Batting: SHB Jim Unknown 0-0: Fly out, F7 (Popup, 6D)
Batting: RHB Jim Unknown 0-0: Swinging Strike
0-1: Ball
1-1: Called Strike
1-2: Ball
2-2: Ball
3-2: Base on Balls
Batting: LHB Scott Britt 0-0: Ball
1-0: Ball
2-0: Fielders Choice at 2nd, 4-6 (Groundball, 34)
Batting: RHB Jim Unknown 0-0: Called Strike
0-1: Ball
1-1: Ball
2-1: SINGLE (Line Drive, 89S)
Scott Britt to second
Batting: RHB Jim Unknown 0-0: Called Strike
0-1: DOUBLE (Line Drive, 7LS)
Scott Britt scores
Jim Unknown to third
Runner from 3rd tries for Home, SAFE, no throw or cutoff
Batting: LHB Emílio Barbán 0-0: Foul Ball, location: 2F
0-1: Ball
1-1: Ball
2-1: Fly out, F8 (Flyball, 8RS)
Top of the 5th over - 2 run(s), 2 hit(s), 0 error(s), 1 left on base; Tremont 3 - Phoenix 1
BOTTOM OF THE 5TH
Phoenix Hotspur Reserves batting - Pitching for Tremont Doubledays : RHP Jim Unknown
Batting: SHB John Jenkins 0-0: SINGLE (Groundball, 34)
Batting: SHB Roberto López 0-0: Bunted foul
0-1: Bunt missed!
0-2: Foul Ball, location: 2F
0-2: Ball
1-2: Foul Ball, location: 2F
1-2: Ball
2-2: Foul Ball, location: 2F
2-2: Foul Ball, location: 2F
2-2: Ball
3-2: Fielders Choice at 2nd, 1-6 (Groundball, 25)
Batting: LHB Alberto Torres 0-0: Swinging Strike
0-1: Ball
1-1: Ball
2-1: Ball
3-1: Swinging Strike
3-2: Strikes out looking
Roberto López steals 2nd base
Batter strikes out.
Batting: RHB Paul Campbell 0-0: Foul Ball, location: 2F
0-1: Called Strike
0-2: Strikes out swinging
Bottom of the 5th over - 0 run(s), 1 hit(s), 0 error(s), 1 left on base; Tremont 3 - Phoenix 1
TOP OF THE 6TH
Tremont Doubledays batting - Pitching for Phoenix Hotspur Reserves : RHP Cory Sanders
Batting: LHB Félix López 0-0: Foul Ball, location: 2F
0-1: Foul Ball, location: 2F
0-2: Ball
1-2: Reached on Error, E4 (Popup, 34)
Batting: LHB Jim Unknown 0-0: Reached on error, E2 (Groundball, 23)
Félix López to third
Batting: RHB Jim Unknown 0-0: Ball
1-0: Ground out 5-3 (Groundball, 56S)
Félix López scores
Jim Unknown to third
Batting: SHB Jim Unknown 0-0: Called Strike
0-1: Ball
1-1: Foul Ball, location: 2F
1-2: Ball
2-2: Foul Ball, location: 2F
2-2: Ball
3-2: DOUBLE (Line Drive, 89XD)
Jim Unknown scores
Batting: RHB Jim Unknown 0-0: Intentional Walk
Batting: LHB Scott Britt 0-0: Called Strike
0-1: Ball
1-1: Grounds into double play, 4-6-3 (Groundball, 34)
Top of the 6th over - 2 run(s), 1 hit(s), 2 error(s), 1 left on base; Tremont 5 - Phoenix 1
BOTTOM OF THE 6TH
Phoenix Hotspur Reserves batting - Pitching for Tremont Doubledays : RHP Jim Unknown
Batting: LHB Dave Wynn 0-0: Ground out U3 (Groundball, 3)
Batting: RHB José Bocanegra 0-0: Called Strike
0-1: Ball
1-1: Foul Ball, location: 2F
1-2: Ball
2-2: Ground out 5-3 (Groundball, 56S)
Batting: LHB Edgardo Téllez 0-0: Ball
1-0: Foul Ball, location: 2F
1-1: Swinging Strike
1-2: Ball
2-2: Fly out, F9 (Flyball, 9D)
Bottom of the 6th over - 0 run(s), 0 hit(s), 0 error(s), 0 left on base; Tremont 5 - Phoenix 1
TOP OF THE 7TH
Tremont Doubledays batting - Pitching for Phoenix Hotspur Reserves : RHP Cory Sanders
Batting: RHB Jim Unknown 0-0: Ground out 6-3 (Groundball, 6)
Batting: RHB Jim Unknown 0-0: Called Strike
0-1: Ball
1-1: Ball
2-1: SINGLE (Line Drive, 89S)
Batting: LHB Emílio Barbán 0-0: Swinging Strike
0-1: Swinging Strike
0-2: Strikes out swinging
Pitching: RHP Robert Dickinson
Batting: LHB Félix López 0-0: Ball
1-0: Ball
2-0: Foul Ball, location: 2F
2-1: Ball
3-1: Called Strike
3-2: Foul Ball, location: 2F
3-2: Foul Ball, location: 2F
3-2: Strikes out swinging
Top of the 7th over - 0 run(s), 1 hit(s), 0 error(s), 1 left on base; Tremont 5 - Phoenix 1
BOTTOM OF THE 7TH
Phoenix Hotspur Reserves batting - Pitching for Tremont Doubledays : RHP Jim Unknown
Batting: RHB Greg Griffin 0-0: Ground out 5-3 (Groundball, 5)
Batting: RHB Jaime Chavarriaga 0-0: Ball
1-0: Foul Ball, location: 2F
1-1: SINGLE (Groundball, 34D)
Pitching: LHP Jim Unknown
Batting: SHB John Jenkins 0-0: Ball
1-0: Grounds into double play, 1-6-3 (Groundball, 23)
Bottom of the 7th over - 0 run(s), 1 hit(s), 0 error(s), 0 left on base; Tremont 5 - Phoenix 1
TOP OF THE 8TH
Tremont Doubledays batting - Pitching for Phoenix Hotspur Reserves : RHP Robert Dickinson
Batting: LHB Jim Unknown 0-0: Ball
1-0: SINGLE (Line Drive, 8LS)
Batting: RHB Jim Unknown 0-0: Bunt missed!
0-1: Sac Bunt - play at first, batter safe!
Jim Unknown to second
Batting: SHB Jim Unknown 0-0: Called Strike
0-1: Ball
1-1: Bunted foul
1-2: Ball
2-2: SINGLE (Flyball, 8RS)
Jim Unknown to third
Jim Unknown to second
Runner from 3rd tries for Home, SAFE, no throw or cutoff
Batting: RHB Jim Unknown 0-0: Called Strike
0-1: Swinging Strike
0-2: Ball
1-2: Ball
2-2: Strikes out looking
Batting: LHB Scott Britt 0-0: Foul Ball, location: 2F
0-1: Ball
1-1: Foul Ball, location: 2F
1-2: Ball
2-2: DOUBLE (Line Drive, 89M)
Jim Unknown scores
Jim Unknown to third
Batting: RHB Jim Unknown 0-0: Called Strike
0-1: Called Strike
0-2: Foul Ball, location: 2F
0-2: Ground out 6-3 (Groundball, 6)
Jim Unknown scores
Batting: RHB Jim Unknown 0-0: Foul Ball, location: 2F
0-1: Swinging Strike
0-2: Strikes out swinging
Top of the 8th over - 3 run(s), 4 hit(s), 0 error(s), 1 left on base; Tremont 8 - Phoenix 1
BOTTOM OF THE 8TH
Phoenix Hotspur Reserves batting - Pitching for Tremont Doubledays : LHP Jim Unknown
Batting: SHB Roberto López 0-0: Ball
1-0: Swinging Strike
1-1: Ground out 6-3 (Groundball, 6M)
Batting: LHB Alberto Torres 0-0: Ball
1-0: Called Strike
1-1: Ball
2-1: SINGLE (Line Drive, 8LS)
Batting: RHB Paul Campbell 0-0: Called Strike
0-1: Swinging Strike
0-2: Foul Ball, location: 2F
0-2: Ball
1-2: Foul Ball, location: 2F
1-2: Ball
2-2: Foul Ball, location: 2F
2-2: Strikes out swinging
Batting: LHB Dave Wynn 0-0: Ball
1-0: Ball
2-0: Fly out, F8 (Line Drive, 8RS)
Bottom of the 8th over - 0 run(s), 1 hit(s), 0 error(s), 1 left on base; Tremont 8 - Phoenix 1
TOP OF THE 9TH
Tremont Doubledays batting - Pitching for Phoenix Hotspur Reserves : RHP Robert Dickinson
Batting: LHB Emílio Barbán 0-0: Ball
1-0: Ball
2-0: Ground out U3 (Groundball, 3S)
Batting: LHB Félix López 0-0: Ball
1-0: Foul Ball, location: 2F
1-1: Ball
2-1: Called Strike
2-2: Ground out 4-3 (Groundball, 4)
Batting: LHB Jim Unknown 0-0: Called Strike
0-1: Ball
1-1: Swinging Strike
1-2: Ball
2-2: Foul Ball, location: 2F
2-2: Foul Ball, location: 2F
2-2: Ball
3-2: Base on Balls
Batting: RHB Jim Unknown 0-0: Swinging Strike
0-1: Ball
1-1: Foul Ball, location: 2F
1-2: Ball
2-2: Ball
3-2: Base on Balls
Jim Unknown to second
Batting: SHB Jim Unknown 0-0: Foul Ball, location: 2F
0-1: Ball
1-1: Foul Ball, location: 2F
1-2: Foul Ball, location: 2F
1-2: Foul Ball, location: 2F
1-2: Ball
2-2: Ground out 1-3 (Groundball, 13)
Top of the 9th over - 0 run(s), 0 hit(s), 0 error(s), 2 left on base; Tremont 8 - Phoenix 1
BOTTOM OF THE 9TH
Phoenix Hotspur Reserves batting - Pitching for Tremont Doubledays : LHP Jim Unknown
Batting: RHB José Bocanegra 0-0: Called Strike
0-1: Hit by Pitch
Batting: LHB Edgardo Téllez 0-0: Called Strike
0-1: Ground out 3-1 (Groundball, 34)
José Bocanegra to second
Batting: RHB Greg Griffin 0-0: Called Strike
0-1: Called Strike
0-2: Foul Ball, location: 2F
0-2: Ball
1-2: Fly out, F7 (Line Drive, 7M)
Batting: RHB Jaime Chavarriaga 0-0: Ball
Wild Pitch!
José Bocanegra to third
1-0: Ball
2-0: Ball
3-0: Called Strike
3-1: Base on Balls
Batting: SHB John Jenkins 0-0: Ball
1-0: Foul Ball, location: 2F
1-1: Foul Ball, location: 2F
1-2: Foul Ball, location: 2F
1-2: SINGLE (Groundball, 6MD)
José Bocanegra scores
Jaime Chavarriaga to second
Batting: SHB Roberto López 0-0: Ball
1-0: Foul Ball, location: 2F
1-1: Ball
2-1: Fly out, F8 (Flyball, 8LM)
Bottom of the 9th over - 1 run(s), 1 hit(s), 0 error(s), 2 left on base; Tremont 8 - Phoenix 2
This league is powered by Out of the Park Baseball, the baseball management simulation game for PC, Mac and Linux
Friday, October 23rd, 2015 - OOTP Baseball 16.9 Build 39